AoeStats
← TD

Marketplace

506118145Analyzed
1v1 RM · 18d ago on Sep 12, 2026· 44m 4s· 2 players
Game mode
Random Map
Map size
Tiny (2 player)
Population
200
Speed
Normal
Resources
Standard
Victory
Conquest
Starting age
Dark Age
Ending age
Imperial Age
RankedLock teamsTeams togetherTeam positionsShared explorationLock speedFull tech treeHidden civsTurbo modeCheats
Victory
Defeat
🇫🇮 Magyars · Finland
1058
+16
🇹🇼 Franks · Taiwan
1065
-37
AKI :D
3:41 Loom
6:48 Loom
9:19 Feudal Age
9:51 Double-Bit Axe
10:18 Man-at-Arms
12:12 Horse Collar
21:38 Castle Age
20:13 Gold Mining
21:41 Fletching
22:29 Wheelbarrow
22:18 Padded Archer Armor
23:21 Bodkin Arrow
23:42 Leather Archer Armor
25:47 Thumb Ring
28:32 Bow Saw
28:48 Bloodlines
28:39 Husbandry
32:24 Ballistics
32:23 Town Watch
39:24 Imperial Age
36:57 Light Cavalry
37:54 Scale Barding Armor
41:05 Husbandry
41:41 Chain Barding Armor
43:40 Parthian Tactics
43:29 Hussar
TD
7:04 Loom
10:15 Feudal Age
10:53 Feudal Age
19:43 Double-Bit Axe
21:46 Scale Barding Armor
25:58 Castle Age
27:05 Husbandry
29:52 Gold Mining
32:45 Wheelbarrow
32:58 Chain Barding Armor
32:43 Padded Archer Armor
35:33 Fletching
35:58 Leather Archer Armor
41:26 Bow Saw
41:28 Pikeman
42:11 Squires
Connection lost

Rejoining the realm…

Still unreachable

The connection could not be restored.

Session expired

The server has moved on; the page needs a fresh start.